 Dungeon Crawl Stone Soup version 0.31-a0-1074-g0b22e4e0f1 (webtiles) character file.

Game seed: 886724839339807022

339 gelatine the Trooper (level 6, -10/49 HPs)
             Began as a Demonspawn Fighter on Nov 29, 2023.
             Mangled by Edmund
             ... wielding a +4 heavy dire flail
              (24 damage)
             ... on level 4 of the Dungeon.
             The game lasted 00:09:29 (3596 turns).

gelatine the Trooper (Demonspawn Fighter)           Turns: 3596, Time: 00:09:30

Health: -10/49     AC:  9    Str: 18    XL:     6   Next: 29%
Magic:  6/6        EV:  9    Int: 10    God:
Gold:   99         SH:  9    Dex: 12    Spells: 5/5 levels left

rFire   . . .        q - +0 hand axe (freeze)
rCold   . . .        c - +0 buckler
rNeg    . . .        b - +0 scale mail
rPois   .            (no helmet)
rElec   .            (no cloak)
rCorr   .            (no gloves)
SInv    .            h - +0 pair of boots
Will    .....        w - amulet of reflection Stlth
                     (no ring)
HPRegen 0.28/turn    (no ring)
MPRegen 0.10/turn

%: reflection
@: weakened
A: rugged brown scales 1, demonic guardian 2
a: no special abilities


You were on level 4 of the Dungeon.
You visited 2 branches of the dungeon, and saw 6 of its levels.

You collected 99 gold pieces.

Inventory:

Hand Weapons
 a - a +0 war axe
 q - a +0 hand axe of freezing (weapon)
 y - a +0 war axe
Armour
 b - a +0 scale mail (worn)
 c - a +0 buckler (worn)
 h - a +0 pair of boots (worn)
Magical Staves
 e - a staff of poison
Jewellery
 i - an amulet of faith
 w - an amulet of reflection (around neck)
Talismans
 k - a beast talisman
Wands
 n - a wand of flame (21) (quivered)
Scrolls
 f - a scroll of brand weapon {unknown}
 g - a scroll of teleportation
 j - a scroll of revelation {unknown}
 l - a scroll of enchant weapon {unknown}
 o - a scroll of poison {unknown}
 t - 2 scrolls of silence {unknown}
 v - a scroll of identify
 x - a scroll of fog {unknown}
Potions
 d - a potion of might
 m - a potion of mutation
 p - a potion of curing {unknown}
 r - 2 potions of enlightenment {unknown}
 s - a potion of lignification {unknown}
 u - a potion of brilliance {unknown}


   Skills:
 * Level 4.0 Fighting
 + Level 3.4 Axes
 + Level 3.7 Armour
 * Level 1.7 Dodging
 + Level 0.1 Stealth
 * Level 3.5 Shields
 * Level 1.3 Evocations


You had 5 spell levels left.
You didn't know any spells.
Your spell library contained the following spells:

 Spells                   Type           Power      Damage    Failure   Level
 Summon Small Mammal      Summ           0%         N/A       83%         1
 Cigotuvi's Dreadful Rot  Necr/Pois/Air  0%         N/A       92%         2
 Call Canine Familiar     Summ           0%         N/A       99%         3
 Ignite Poison            Fire/Tmut/Pois 0%         N/A       99%         3
 Summon Guardian Golem    Hex/Summ       0%         N/A       99%         3
 Freezing Cloud           Conj/Ice/Air   0%         6-21      100%        5


Dungeon Overview and Level Annotations

Branches:
Dungeon (5/15)             Temple (1/1) D:4

Altars:
Ashenzari
Cheibriados
Dithmenos
Fedhas
Gozag
Hepliaklqana
Kikubaaqudgha
Makhleb
Okawaru
Qazlal
Ru
Sif Muna
Uskayaw
Vehumet
Wu Jian
Xom
Yredelemnul

Shops:
D:3 (

Annotations:
D:3 3 runed translucent doors, Sundig's ghost, amateur MiFi
D:4 Edmund
D:5 Dowan; Duvessa; Prince Ribbit


Innate Abilities, Weirdness & Mutations

You are partially covered in rugged brown scales. (AC +1, +3% HP)
A demonic guardian rushes to your aid.


Message History

Prince Ribbit blinks!
The gnoll hits you with a +0 spear! The gnoll hits you but does no damage.
You hit the gnoll. You freeze the gnoll.
You kill the gnoll!
You closely miss the orc. You hit the gnoll. You freeze the gnoll.
The orc barely misses you.
Prince Ribbit blinks!
You block the gnoll's attack. The gnoll hits you but does no damage.
There is a stone staircase leading up, spattered with blood here.
You completely miss the orc. The orc hits you but does no damage.
Edmund says, "You wouldn't believe how much I paid for this flail."
You hit the orc. You freeze the orc.
The orc is moderately wounded.
You block the orc's attack. The gnoll closely misses you.
You hit the orc. You freeze the orc.
You kill the orc!
The gnoll bouda calls upon its god to heal the gnoll.
The gnoll's wounds heal themselves!
You block the gnoll's attack. You block the gnoll's attack.
Edmund hits you with a +4 heavy dire flail!!
A demonic guardian appears!
The gnoll hits you but does no damage.
The gnoll bouda hits you with a +0 club.
You climb upwards.
There is a stone staircase leading down here.
You hit the gnoll bouda. You freeze the gnoll bouda.
The gnoll bouda is lightly wounded.
You hit Edmund but do no damage. Edmund misses you.
The gnoll bouda gazes fiercely through you!
You feel your attacks grow feeble. You block the gnoll bouda's attack.
You hit the gnoll bouda. You freeze the gnoll bouda.
The gnoll bouda is moderately wounded.
You hit Edmund. You freeze Edmund.
The gnoll bouda hits you with a +0 club.
* * * LOW HITPOINT WARNING * * *
You hit Edmund. You freeze Edmund.
Edmund is lightly wounded.
You hit the gnoll bouda. You freeze the gnoll bouda.
Edmund hits you with a +4 heavy dire flail!!
You die...
Edmund whines, "They better pay attention to me now!"

#### ###### #### ...#
#....####### #...
...# #..#.#.#.#.##
#... ...#
#...........# #...
...# #..#.......##
#... ...#
#........@..# #...
...######..#....@..##
#######...
...#..#.....)....g..#
#.........
...#..#....#.......##
#.........
...'..'.............#
#......###
...####....#.#.#.#.##
#......#..
#'#......###...<....#
#......#.. ..#......#
########## #......#..
..+......# #......'..
..#[.....# #......###


You could see Edmund and a gnoll bouda.

Vanquished Creatures
  A scorpion (D:4)
  3 hounds
  2 orc wizards (D:4)
  A gnoll (D:5)
  5 adders
  A worm (D:4)
  2 dart slugs
  5 orcs
  6 ball pythons
  8 endoplasms
  4 giant cockroaches (D:1)
  7 goblins
  5 hobgoblins
  5 quokkas
  8 bats
  2 frilled lizards
  4 kobolds
69 creatures vanquished.

Vanquished Creatures (collateral kills)
  A gnoll (D:5)
1 creature vanquished.

Grand Total: 70 creatures vanquished

Notes
Turn   | Place    | Note
-------+----------+-------------------------------------------
     0 | D:1      | gelatine the Demonspawn Fighter began the quest for the
                  | Orb.
     0 | D:1      | Reached XP level 1. HP: 18/18 MP: 1/1
   156 | D:1      | Gained mutation: You are partially covered in rugged brown
                  | scales. (AC +1, +3% HP) [demonic ancestry]
   156 | D:1      | Reached XP level 2. HP: 13/24 MP: 2/2
   816 | D:2      | Reached XP level 3. HP: 24/29 MP: 3/3
  1390 | D:3      | Found Yshrenketed's Weapon Boutique.
  1561 | D:3      | Noticed Sundig's ghost (amateur MiFi)
  1563 | D:3      | Found a runed translucent gate.
  1563 | D:3      | Found a runed translucent gate.
  1563 | D:3      | Found a runed translucent gate.
  1606 | D:3      | Gained mutation: A weak demonic guardian rushes to your
                  | aid. [demonic ancestry]
  1606 | D:3      | Reached XP level 4. HP: 33/36 MP: 4/4
  1794 | D:3      | Reached skill level 1 in Dodging
  2132 | D:4      | Reached XP level 5. HP: 26/42 MP: 5/5
  2448 | D:4      | Reached skill level 1 in Evocations
  2598 | D:4      | Found a staircase to the Ecumenical Temple.
  2628 | Temple   | Entered the Ecumenical Temple
  2993 | D:4      | Reached skill level 4 in Fighting
  2993 | D:4      | Gained mutation: A demonic guardian rushes to your aid.
                  | [demonic ancestry]
  2993 | D:4      | Reached XP level 6. HP: 48/49 MP: 6/6
  3144 | D:5      | Entered Level 5 of the Dungeon
  3145 | D:5      | Noticed Duvessa
  3145 | D:5      | Noticed Dowan
  3316 | D:5      | Noticed Edmund
  3348 | D:5      | Noticed Prince Ribbit
  3596 | D:4      | Mangled by Edmund

Illustrated notes

Levels and vault maps discovered:
D:1:      giann_wishing_wells, layout_basic
D:2:      layout_basic, serial_glass, glass_columns_b, glass_columns_a,
          basic_altar
D:3:      layout_basic, mainiacjoe_overflow_chevrons, gammafunk_ghost_split,
          serial_shops, nicolae_shop_scrapyard, chequers_serial_rivers_room_a
D:4:      layout_gridville, minmay_temple_entry_purple_smoke,
          minmay_misc_feat_more_columns, st_stairs_4
D:5:      layout_loops_ring, gammafunk_ghost_icy, uniq_prince_ribbit1,
          uniq_duvessa, uniq_edmund
Temple:   dpeg_five_rooms_temple

Skill      XL: |  1  2  3  4  5 |
---------------+----------------+-----
Shields        | 3 |  3.5
Axes           | 2 3 |  3.4
Armour         | 3 |  3.7
Dodging        | 1 |  1.7
Evocations     | 1 |  1.3
Fighting       | 4 |  4.0
Stealth        | |  0.1

Action                     |  1- 3 |  4- 6 || total
---------------------------+-------+-------++-------
  Melee: War axe           |   109 |     5 ||   114
         Hand axe          |       |   101 ||   101
  Evoke: Wand              |       |     6 ||     6
    Use: Scroll            |     2 |       ||     2
 Armour: Scale mail        |    87 |    88 ||   175
  Dodge: Dodged            |    46 |    35 ||    81
  Block: Buckler           |    30 |    41 ||    71

Table legend: (Time is in decaauts)
 A = Elapsed time spent in this place.
 B = Non-inter-level travel time spent in this place.
 C = Inter-level travel time spent in this place.
 D = Time resting spent in this place.
 E = Time spent auto-exploring this place.
 F = Levels seen in this place.
 G = Mean time per level.
                   A        B        C        D        E       F      G
               +--------+--------+--------+--------+--------+-----+--------+
         Total |   3662 |   3234 |    428 |      0 |   2472 |   6 |  610.3 |
       Dungeon |   3488 |   3232 |    256 |      0 |   2472 |   5 |  697.6 |
        Temple |    174 |      2 |    172 |      0 |      0 |   1 |  174.0 |
               +--------+--------+--------+--------+--------+-----+--------+

Top non-repeatable levels by time:
     D:4: 1404 daAuts
     D:1: 747 daAuts
     D:2: 677 daAuts
     D:3: 567 daAuts
  Temple: 174 daAuts
     D:5: 91 daAuts
